 Dungeon Crawl Stone Soup version 0.22-a0-348-gd16d139 (webtiles) character file.

76 Hentai the Skirmisher (level 4, -3/41 HPs)
             Began as a Minotaur Berserker on Apr 11, 2018.
             Was a Follower of Trog.
             Slain by a gnoll (6 damage)
             ... on level 2 of the Dungeon.
             The game lasted 00:02:40 (227 turns).

Hentai the Skirmisher (Minotaur Berserker)           Turns: 227, Time: 00:02:40

Health: -3/41      AC:  3    Str: 23    XL:     4   Next: 12%
Magic:  3/3        EV: 12    Int:  4    God:    Trog [*.....]
Gold:   35         SH:  0    Dex:  9    Spells: 3/3 levels left

rFire    . . .     SeeInvis .   a - +0 hand axe
rCold    . . .     Gourm    .   (no shield)
rNeg     . . .     Faith    .   b - +1 animal skin
rPois    .         Spirit   .   (helmet restricted)
rElec    .         Reflect  .   (no cloak)
rCorr    .         Harm     .   (no gloves)
MR       .....                  (no boots)
Stlth    +.........             (no amulet)
HPRegen  0.13/turn              (no ring)
MPRegen  0.08/turn              (no ring)

@: berserk cooldown, slowed, very slow
A: retaliatory headbutt, horns 2
a: Berserk, Renounce Religion


You were on level 2 of the Dungeon.
You worshipped Trog.
Trog was aware of your devotion.
You were not hungry.

You visited 1 branch of the dungeon, and saw 2 of its levels.

You collected 35 gold pieces.

Inventory:

Hand Weapons
 a - a +0 hand axe (weapon)
 d - a cursed -2 whip
 g - a +0 dagger
Armour
 b - a +1 animal skin (worn)
Comestibles
 c - 2 rations
 f - 5 chunks of flesh


   Skills:
 + Level 4.7 Fighting
 + Level 4.6 Axes
 + Level 2.8 Armour
 + Level 2.5 Dodging
 + Level 0.5 Stealth


You had 3 spell levels left.
You didn't know any spells.

Dungeon Overview and Level Annotations

Branches:
Dungeon (2/15)

Altars:


Innate Abilities, Weirdness & Mutations

You reflexively headbutt those who attack you in melee.
You have a pair of horns on your head.


Message History

You feel sick.
You are no longer poisoned.
Unknown command.
As you read the scroll labeled QEKKEQE AMOI, it crumbles to dust.
It is a scroll of enchant armour.
Your +0 animal skin glows green for a moment.
The gnoll shouts!
You hear a shout!
A hobgoblin comes into view.
Unknown command.
As you read the scroll labeled ZAWILUBUES, it crumbles to dust.
You feel blessed for a moment.
It was a scroll of remove curse.
The gnoll misses you.
Unknown command.
Unknown command.
Unknown command.
The gnoll hits you.
* * * LOW HITPOINT WARNING * * *
Unknown command.
The gnoll hits you.
You die...

#..##.# ##...#.#
#..#.#.##
#.......#
.##..##..##
..........#
#.##..###.## #
#.......#
#@####..# #g# #.##
#g####.##
#.g.....+#
#.####...# # #g#
#...#
.###.##.####...#
......(..##...>#
......#[.##.)####.


You could see 3 gnolls and a hobgoblin.

Vanquished Creatures
  Jessica (D:2)
  A worker ant (D:2)
  A gnoll (D:2)
  An adder (D:2)
  A goblin (D:2)
  A hobgoblin (D:2)
  A bat (D:2)
  3 kobolds
  3 rats
13 creatures vanquished.

Vanquished Creatures (others)
  A goblin (D:2)
1 creature vanquished.

Grand Total: 14 creatures vanquished

Notes
Turn   | Place    | Note
-------+----------+-------------------------------------------
     0 | D:1      | Hentai the Minotaur Berserker began the quest for the Orb.
     0 | D:1      | Reached XP level 1. HP: 19/19 MP: 0/0
    73 | D:2      | Found a faded altar of an unknown god.
   194 | D:2      | Reached XP level 2. HP: 23/27 MP: 1/1
   205 | D:2      | Noticed Jessica
   208 | D:2      | Killed Jessica
   208 | D:2      | Reached XP level 3. HP: 4/34 MP: 2/2
   210 | D:2      | Reached XP level 4. HP: 5/41 MP: 3/3
   225 | D:2      | HP: 2/41 [gnoll (2)]
   227 | D:2      | Slain by a gnoll

Vault maps used:
D:1:      shiori_arrival_oz
D:2:      minmay_kobold_bridge, elyvilon_altar_4,
          chequers_ecumenical_altar_simple, first_ration,
          kennysheep_pointless_box, minmay_surrounded, uniq_jessica

Skill      XL: |  1 |
---------------+----+-----
Fighting       | 4 |  4.7
Axes           | 4 |  4.6
Armour         | |  2.8
Dodging        | |  2.5
Stealth        | |  0.5

Action                   |  1- 3 |  4- 6 || total
-------------------------+-------+-------++-------
Melee: Hand axe          |    15 |       ||    15
       Headbutt          |     2 |       ||     2
Invok: Berserk           |     1 |       ||     1
  Use: Scroll            |       |     2 ||     2
 Stab: Sleeping          |     1 |       ||     1
Armor: Animal skin       |     3 |       ||     3
Dodge: Dodged            |    11 |     2 ||    13

Table legend:
 A = Spawn XP
 B = Non-spawn XP
 C = Spawn XP percentage of total XP
 D = Spawn monster count
 E = Non-spawn monster count
 F = Spawn count percentage of total count
 G = Total turns spent on level
                    A         B        C        D         E        F      G
               +---------+---------+-------+---------+---------+-------+---------
         Total |       0 |     109 |   0.0 |       0 |      13 |   0.0 |   227
               +---------+---------+-------+---------+---------+-------+---------
           D:1 |       0 |       2 |   0.0 |       0 |       2 |   0.0 |    73
           D:2 |       0 |     107 |   0.0 |       0 |      11 |   0.0 |   154
               +---------+---------+-------+---------+---------+-------+---------
